 Dungeon Crawl Stone Soup version 0.24-a0-725-gf1a930fc54 (webtiles) character file.

Game seed: 12531070549593752084, levelgen mode: deterministic

30 Kohma the Ruffian (level 3, -3/28 HPs)
             Began as a Draconian Transmuter on Oct 1, 2019.
             Slain by an ogre
             ... wielding a +0 giant club
              (16 damage)
             ... on level 2 of the Dungeon.
             The game lasted 00:02:47 (929 turns).

Kohma the Ruffian (Draconian Transmuter)             Turns: 929, Time: 00:02:48

Health: -3/28      AC:  6    Str: 12    XL:     3   Next: 5%
Magic:  3/6        EV: 12    Int: 14    God:
Gold:   17         SH:  0    Dex: 11    Spells: 4/7 levels left

rFire    . . .     SeeInvis .     - Unarmed
rCold    . . .     Gourm    .   (no shield)
rNeg     . . .     Faith    .   (armour unavailable)
rPois    .         Spirit   .   (helmet restricted)
rElec    .         Reflect  .   (no cloak)
rCorr    .         Harm     .   b - +0 pair of gloves
MR       .....                  (boots currently unavailable)
Stlth    +.........             (no amulet)
HPRegen  0.09/turn              (no ring)
MPRegen  0.10/turn              (no ring)

@: appendage
A: unfitting armour, talons 3, cold-blooded, AC +5
a: End Transformation


You were on level 2 of the Dungeon.
You were not hungry.
You had grown temporary talons.
You visited 1 branch of the dungeon, and saw 2 of its levels.

You collected 17 gold pieces.

Inventory:

Missiles
 a - 11 arrows
 h - 21 stones (quivered)
Armour
 b - a +0 pair of gloves (worn)
Scrolls
 e - 3 scrolls of remove curse {unknown}
 f - 2 scrolls of amnesia {unknown}
 i - a scroll of magic mapping {unknown}
Potions
 g - a potion of invisibility {unknown}
 j - a potion of heal wounds {unknown}
Comestibles
 c - 2 rations
 d - 2 chunks of flesh


   Skills:
 - Level 1.1 Fighting
 - Level 1.7 Dodging
 + Level 3.4 Unarmed Combat
 + Level 2.5 Spellcasting
 + Level 2.5 Transmutations


You had 4 spell levels left.
You knew the following spells:

 Your Spells              Type           Power        Failure   Level  Hunger
a - Beastly Appendage     Tmut           #.....       8%          1    #......
b - Sticks to Snakes      Tmut           #.......     12%         2    ###....

Your spell library contained the following spells:

 Spells                   Type           Power        Failure   Level  Hunger
 Spider Form              Tmut/Pois      #.........   36%         3    ###....
 Ice Form                 Ice/Tmut       #.......     78%         4    #####..
 Blade Hands              Tmut           #.........   91%         5    ######.


Dungeon Overview and Level Annotations

Branches:
Dungeon (2/15)

Altars:


Innate Abilities, Weirdness & Mutations

Your plain brown scales are hard. (AC +5)
You cannot fit into any form of body armour.
You are cold-blooded and may be slowed by cold attacks.
You have claws for feet.


Message History

You climb downwards.
An ogre comes into view. It is wielding a +0 giant club.
There is a stone staircase leading up here.
The helpless ogre fails to defend itself.
You hit the ogre. You tail-slap the ogre.
The ogre is moderately wounded.
The ogre barely misses you.
Casting: Beastly Appendage (safe; 8% risk of failure)
Confirm with . or Enter, or press ? or * to list all spells.
Your feet morph into talons.
You hit the ogre. You claw the ogre.
The ogre is heavily wounded.
The ogre hits you with a +0 giant club!
Ouch! That really hurt!
Casting: Beastly Appendage (safe; 8% risk of failure)
Confirm with . or Enter, or press ? or * to list all spells.
You create a snake!
You now have 11 arrows.
The ogre hits you with a +0 giant club!
Ouch! That really hurt!
You die... #####.# #@OS..# #######

You could see an ogre and a friendly ball python.

Vanquished Creatures
  An ooze (D:1)
  A dart slug (D:1)
  A leopard gecko (D:1)
  A giant cockroach (D:1)
  3 goblins (D:1)
  A hobgoblin (D:1)
  6 bats (D:1)
  4 kobolds (D:1)
  6 rats (D:1)
24 creatures vanquished.

Notes
Turn   | Place    | Note
-------+----------+-------------------------------------------
     0 | D:1      | Kohma the Draconian Transmuter began the quest for the Orb.
     0 | D:1      | Reached XP level 1. HP: 16/16 MP: 3/3
    76 | D:1      | Reached XP level 2. HP: 23/23 MP: 5/5
   732 | D:1      | Learned a level 2 spell: Sticks to Snakes
   763 | D:1      | Reached XP level 3. HP: 27/28 MP: 6/6
   925 | D:2      | Noticed an ogre
   929 | D:2      | Slain by an ogre

Levels and vault maps discovered:
D:1:      mushboom_english_gardens, layout_loops_corners
D:2:      layout_basic, nicolae_overflow_hidden_temple,
          yredelemnul_altar_generic, roderic_roman_lattice, uniq_jessica

Action                   || total
-------------------------++-------
Melee: Unarmed           ||    92
       Headbutt          ||     2
       Tailslap          ||     7
       Punch             ||     2
       Kick              ||     1
 Cast: Beastly Appendage ||     4
       Sticks to Snakes  ||     1
 Stab: Sleeping          ||     3
Armor: Skin              ||    34
Dodge: Dodged            ||    84

Table legend:
 A = Non-vault XP
 B = Vault XP
 C = Vault XP percentage of total XP
 D = Non-vault monster count
 E = Vault monster count
 F = Vault count percentage of total count
                 A         B        C        D         E       F
            +---------+---------+-------+---------+---------+-------
      Total |      44 |       0 |   0.0 |      24 |       0 |   0.0
            +---------+---------+-------+---------+---------+-------
        D:1 |      44 |       0 |   0.0 |      24 |       0 |   0.0
            +---------+---------+-------+---------+---------+-------
